3L
KINGSTON TOWNSHIP KNIGHTS @ ATHLETIC CLUB KC
08/17/2039
 
TOP OF THE 1ST
Kingston Township Knights batting - Pitching for Athletic Club KC : RHP Scotty Bingham
Pitching: RHP Scotty Bingham
Batting: LHB Tony Goodwin 0-0: Called Strike
0-1: Swinging Strike
0-2: Strikes out looking
Batting: RHB Glenn Curtis 0-0: Ball
1-0: Called Strike
1-1: Ball
2-1: Ball
3-1: Called Strike
3-2: Strikes out swinging
Batting: RHB Daniel McCoy 0-0: Called Strike
0-1: Called Strike
0-2: Ball
1-2: Foul Ball, location: 2F
1-2: Ball
2-2: Strikes out looking
Top of the 1st over - 0 runs, 0 hits, 0 errors, 0 left on base; Kingston Township 0 - Athletic Club KC 0
BOTTOM OF THE 1ST
Athletic Club KC batting - Pitching for Kingston Township Knights : LHP Chase Sims
Pitching: LHP Chase Sims
Batting: RHB Ali Ben Bongo 0-0: Called Strike
0-1: Fly out, F8 (Flyball, 89M, EV 80.6 MPH)
Batting: RHB Francisco Vargas 0-0: Fly out, F8 (Flyball, 8LXD, EV 91.9 MPH)
Batting: RHB Armando Rodríguez 0-0: Foul Ball, location: 2F
0-1: Ball
1-1: Called Strike
1-2: Foul Ball, location: 2F
1-2: Ball
2-2: Foul Ball, location: 2F
2-2: SINGLE (Line Drive, 9S, EV 91.9 MPH)
Batting: LHB Héctor Velázquez 0-0: Ball
1-0: Ball
2-0: Ball
3-0: Called Strike
3-1: Base on Balls
Armando Rodríguez to second
Batting: SHB Shiki Sanu 0-0: Called Strike
0-1: Foul Ball, location: 2F
0-2: Ball
1-2: SINGLE (Groundball, 34D, EV 105.0 MPH)
Armando Rodríguez to third
Héctor Velázquez to second
Runner from 3rd tries for Home, SAFE, no throw by RF
Batting: RHB Tasuku Goto 0-0: Fly out, F8 (Flyball, 78S, EV 81.9 MPH)
Bottom of the 1st over - 1 run, 2 hits, 0 errors, 2 left on base; Kingston Township 0 - Athletic Club KC 1
TOP OF THE 2ND
Kingston Township Knights batting - Pitching for Athletic Club KC : RHP Scotty Bingham
Batting: LHB Ed Mellor 0-0: Fly out, F9 (Flyball, 89S, EV 81.9 MPH)
Batting: RHB Holden Ford 0-0: Called Strike
0-1: Ground out 6-3 (Groundball, 6, EV 92.5 MPH)
Batting: RHB Jorge Ozezera 0-0: Foul Ball, location: 2F
0-1: Called Strike
0-2: Ball
1-2: Foul Ball, location: 2F
1-2: Foul Ball, location: 2F
1-2: Ball
2-2: Fly out, F8 (Flyball, 8LS, EV 78.8 MPH)
Top of the 2nd over - 0 runs, 0 hits, 0 errors, 0 left on base; Kingston Township 0 - Athletic Club KC 1
BOTTOM OF THE 2ND
Athletic Club KC batting - Pitching for Kingston Township Knights : LHP Chase Sims
Batting: RHB David Lozano 0-0: Ball
1-0: Foul Ball, location: 2F
1-1: Called Strike
1-2: Ball
2-2: Foul Ball, location: 2F
2-2: Foul Ball, location: 2F
2-2: Ball
3-2: Foul Ball, location: 2F
3-2: Ground out 5-3 (Groundball, 56S, EV 81.2 MPH)
Batting: RHB Wade Tazewell 0-0: Ball
1-0: Ball
2-0: Ball
3-0: Base on Balls
Batting: RHB Armando Altagracia 0-0: Ball
1-0: Called Strike
1-1: Swinging Strike
1-2: Strikes out looking
Batting: RHB Ali Ben Bongo 0-0: Called Strike
0-1: Fielders Choice at 2nd, 5-4 (Groundball, 56, EV 100.6 MPH)
Bottom of the 2nd over - 0 runs, 0 hits, 0 errors, 1 left on base; Kingston Township 0 - Athletic Club KC 1
TOP OF THE 3RD
Kingston Township Knights batting - Pitching for Athletic Club KC : RHP Scotty Bingham
Batting: RHB Scott Robertson 0-0: Ball
1-0: Swinging Strike
1-1: Ball
2-1: Foul Ball, location: 2F
2-2: Strikes out swinging
Batting: RHB Daniel Maldonado 0-0: Ball
1-0: Ball
2-0: Fly out, F8 (Flyball, 8LD, EV 93.8 MPH)
Batting: RHB Khal Drogo 0-0: Ball
1-0: Foul Ball, location: 2F
1-1: Ball
2-1: Ball
3-1: Foul Ball, location: 2F
3-2: Base on Balls
Batting: LHB Tony Goodwin 0-0: Ball
1-0: Called Strike
1-1: Ball
2-1: Swinging Strike
2-2: Strikes out swinging
Top of the 3rd over - 0 runs, 0 hits, 0 errors, 1 left on base; Kingston Township 0 - Athletic Club KC 1
BOTTOM OF THE 3RD
Athletic Club KC batting - Pitching for Kingston Township Knights : LHP Chase Sims
Batting: RHB Francisco Vargas 0-0: Swinging Strike
0-1: Ball
1-1: Ball
2-1: Ball
3-1: Base on Balls
Batting: RHB Armando Rodríguez 0-0: Called Strike
0-1: Called Strike
0-2: Fly out, F7 (Line Drive, 7, EV 86.9 MPH)
Batting: LHB Héctor Velázquez 0-0: Ball
1-0: Fielders Choice at 2nd, 4-6 (Groundball, 4M, EV 111.9 MPH)
Batting: SHB Shiki Sanu 0-0: Ball
Héctor Velázquez steals 2nd base (no throw)
1-0: Ball
2-0: Called Strike
2-1: Called Strike
2-2: Ball
3-2: Foul Ball, location: 2F
3-2: Fly out, F7 (Flyball, 7, EV 75.6 MPH)
Bottom of the 3rd over - 0 runs, 0 hits, 0 errors, 1 left on base; Kingston Township 0 - Athletic Club KC 1
TOP OF THE 4TH
Kingston Township Knights batting - Pitching for Athletic Club KC : RHP Scotty Bingham
Batting: RHB Glenn Curtis 0-0: Ball
1-0: Called Strike
1-1: SINGLE (Groundball, 4D, EV 94.4 MPH)
Batting: RHB Daniel McCoy 0-0: Called Strike
0-1: Ball
1-1: Foul Ball, location: 2F
1-2: Strikes out swinging
Batting: LHB Ed Mellor 0-0: Foul Ball, location: 2F
0-1: Ball
1-1: Ball
2-1: Called Strike
2-2: Foul Ball, location: 2F
2-2: Ball
3-2: Foul Ball, location: 2F
3-2: Foul Ball, location: 2F
3-2: Strikes out looking
Glenn Curtis is caught stealing 2nd base 2-6
Batter strikes out.
Top of the 4th over - 0 runs, 1 hit, 0 errors, 0 left on base; Kingston Township 0 - Athletic Club KC 1
BOTTOM OF THE 4TH
Athletic Club KC batting - Pitching for Kingston Township Knights : LHP Chase Sims
Batting: RHB Tasuku Goto 0-0: Ball
1-0: Ball
2-0: Ground out 5-3 (Groundball, 56S, EV 81.2 MPH)
Batting: RHB David Lozano 0-0: Called Strike
0-1: Called Strike
0-2: Ball
1-2: Ball
2-2: Ball
3-2: Base on Balls
Batting: RHB Wade Tazewell 0-0: Ball
1-0: DOUBLE (Line Drive, 78D, EV 106.2 MPH)
David Lozano to third
Runner from 3rd tries for Home, SAFE, no throw by CF
Batting: RHB Armando Altagracia 0-0: Foul Ball, location: 2F
0-1: Called Strike
0-2: Ball
1-2: Foul Ball, location: 2F
1-2: Ball
2-2: Fly out, F7 (Flyball, 7, EV 82.5 MPH)
Batting: RHB Ali Ben Bongo 0-0: Foul Ball, location: 2F
0-1: SINGLE (Line Drive, 7LS, EV 106.2 MPH)
Wade Tazewell to third
Runner from 3rd tries for Home, SAFE, throw by LF to home
Batting: RHB Francisco Vargas 0-0: Ball
1-0: Called Strike
1-1: Ball
2-1: Swinging Strike
2-2: Ball
3-2: Strikes out looking
Bottom of the 4th over - 2 runs, 2 hits, 0 errors, 1 left on base; Kingston Township 0 - Athletic Club KC 3
TOP OF THE 5TH
Kingston Township Knights batting - Pitching for Athletic Club KC : RHP Scotty Bingham
Batting: RHB Holden Ford 0-0: Called Strike
0-1: Called Strike
0-2: Strikes out swinging
Batting: RHB Jorge Ozezera 0-0: Called Strike
0-1: Called Strike
0-2: Ball
1-2: Foul Ball, location: 2F
1-2: Foul Ball, location: 2F
1-2: Foul Ball, location: 2F
1-2: Foul Ball, location: 2F
1-2: Ball
2-2: Ball
3-2: Strikes out swinging, 2-3 out at first.
Batting: RHB Scott Robertson 0-0: Reached on error, E6 (Groundball, 6, EV 111.9 MPH)
Batting: RHB Daniel Maldonado 0-0: Fly out, F8 (Flyball, 8RM, EV 88.1 MPH)
Top of the 5th over - 0 runs, 0 hits, 1 error, 1 left on base; Kingston Township 0 - Athletic Club KC 3
BOTTOM OF THE 5TH
Athletic Club KC batting - Pitching for Kingston Township Knights : LHP Chase Sims
Batting: RHB Armando Rodríguez 0-0: Swinging Strike
0-1: Swinging Strike
0-2: Strikes out swinging
Batting: LHB Héctor Velázquez 0-0: Ground out 6-3 (Groundball, 6S, EV 68.8 MPH)
Batting: SHB Shiki Sanu 0-0: SINGLE (Line Drive, 89S, EV 109.4 MPH)
Batting: RHB Tasuku Goto 0-0: Ball
1-0: Ball
2-0: Fly out, F8 (Flyball, 8LD, EV 103.1 MPH)
Bottom of the 5th over - 0 runs, 1 hit, 0 errors, 1 left on base; Kingston Township 0 - Athletic Club KC 3
TOP OF THE 6TH
Kingston Township Knights batting - Pitching for Athletic Club KC : RHP Scotty Bingham
Batting: RHB Khal Drogo 0-0: Ground out 5-3 (Groundball, 56, EV 95.6 MPH)
Batting: LHB Tony Goodwin 0-0: Swinging Strike
0-1: Swinging Strike
0-2: Foul Ball, location: 2F
0-2: Ball
1-2: SINGLE (Flyball, 7LS, EV 93.1 MPH)
Batting: RHB Glenn Curtis 0-0: Called Strike
0-1: Ball
1-1: Ball
2-1: Called Strike
2-2: Ball
3-2: Fly out, F9 (Flyball, 9S, EV 81.9 MPH)
Batting: RHB Daniel McCoy 0-0: Fly out, F9 (Line Drive, 9, EV 99.4 MPH)
Top of the 6th over - 0 runs, 1 hit, 0 errors, 1 left on base; Kingston Township 0 - Athletic Club KC 3
BOTTOM OF THE 6TH
Athletic Club KC batting - Pitching for Kingston Township Knights : LHP Chase Sims
Batting: RHB David Lozano 0-0: Ball
1-0: Swinging Strike
1-1: Foul Ball, location: 2F
1-2: Ball
2-2: Foul Ball, location: 2F
2-2: DOUBLE (Line Drive, 89D, EV 101.9 MPH)
Batting: RHB Wade Tazewell 0-0: Ball
1-0: Ball
2-0: Called Strike
2-1: Ball
3-1: Foul Ball, location: 2F
3-2: Ground out U3 (Groundball, 34, EV 90.6 MPH)
David Lozano to third
Batting: RHB Armando Altagracia 0-0: Ball
1-0: SINGLE (Groundball, 4, EV 96.2 MPH) (infield hit)
David Lozano scores
Pitching: RHP Kevin Pilkington
Batting: RHB Ali Ben Bongo 0-0: Foul Ball, location: 2F
0-1: Ball
1-1: Foul Ball, location: 2F
1-2: Foul Ball, location: 2F
1-2: Fielders Choice at 2nd, 6-4 (Groundball, 6, EV 108.8 MPH)
Batting: RHB Francisco Vargas 0-0: Ball
1-0: Foul Ball, location: 2F
1-1: Ball
2-1: Called Strike
2-2: Ball
3-2: Base on Balls
Ali Ben Bongo to second
Batting: RHB Armando Rodríguez 0-0: Called Strike
0-1: Ground out 4-3 (Groundball, 4, EV 101.9 MPH)
Bottom of the 6th over - 1 run, 2 hits, 0 errors, 2 left on base; Kingston Township 0 - Athletic Club KC 4
TOP OF THE 7TH
Kingston Township Knights batting - Pitching for Athletic Club KC : RHP Scotty Bingham
Batting: LHB Ed Mellor 0-0: Ball
1-0: Called Strike
1-1: Fly out, F7 (Flyball, 7, EV 71.9 MPH)
Batting: RHB Holden Ford 0-0: Ball
1-0: Ball
2-0: Swinging Strike
2-1: SINGLE (Line Drive, 78S, EV 95.6 MPH)
Batting: RHB Jorge Ozezera 0-0: Ball
1-0: Called Strike
1-1: Grounds into double play, 5-4-3 (Groundball, 5, EV 86.2 MPH)
Top of the 7th over - 0 runs, 1 hit, 0 errors, 0 left on base; Kingston Township 0 - Athletic Club KC 4
BOTTOM OF THE 7TH
Athletic Club KC batting - Pitching for Kingston Township Knights : RHP Kevin Pilkington
Batting: LHB Héctor Velázquez 0-0: Ground out U3 (Groundball, 3, EV 105.6 MPH)
Batting: SHB Shiki Sanu 0-0: Called Strike
0-1: Ball
1-1: Ball
2-1: Foul Ball, location: 2F
2-2: Foul Ball, location: 2F
2-2: Fly out, F8 (Flyball, 8LXD, EV 95.0 MPH)
Batting: RHB Tasuku Goto 0-0: Called Strike
0-1: Ball
1-1: Called Strike
1-2: Ball
2-2: Ground out 4-3 (Groundball, 4, EV 81.9 MPH)
Bottom of the 7th over - 0 runs, 0 hits, 0 errors, 0 left on base; Kingston Township 0 - Athletic Club KC 4
TOP OF THE 8TH
Kingston Township Knights batting - Pitching for Athletic Club KC : RHP Scotty Bingham
Batting: RHB Scott Robertson 0-0: Ball
1-0: Foul Ball, location: 2F
1-1: Ball
2-1: Ground out 6-3 (Groundball, 6, EV 84.4 MPH)
Batting: RHB Daniel Maldonado 0-0: Called Strike
0-1: Ball
1-1: Called Strike
1-2: Foul Ball, location: 2F
1-2: Foul Ball, location: 2F
1-2: SINGLE (Groundball, 5D, EV 103.8 MPH)
Pitching: LHP Francisco González
Batting: RHB Khal Drogo 0-0: Ball
1-0: Ball
2-0: Ball
3-0: Called Strike
3-1: Base on Balls
Daniel Maldonado to second
Pitching: RHP Taalay Ibragimov
Batting: LHB Tony Goodwin 0-0: SINGLE (Groundball, 56D, EV 100.6 MPH)
Daniel Maldonado to third
Khal Drogo to second
Runner from 3rd tries for Home, SAFE, throw by LF to home
Batting: RHB Glenn Curtis 0-0: Called Strike
0-1: Ball
1-1: Called Strike
1-2: Ball
2-2: Ball
3-2: Fly out, F4 (Popup, 4MD, EV 61.2 MPH)
Batting: RHB Daniel McCoy 0-0: Ball
1-0: Fielders Choice at 2nd, 6-4 (Groundball, 6, EV 85.0 MPH)
Top of the 8th over - 1 run, 2 hits, 0 errors, 2 left on base; Kingston Township 1 - Athletic Club KC 4
BOTTOM OF THE 8TH
Athletic Club KC batting - Pitching for Kingston Township Knights : RHP Kevin Pilkington
Batting: RHB David Lozano 0-0: Ball
1-0: Called Strike
1-1: Swinging Strike
1-2: Ball
2-2: Strikes out swinging
Batting: RHB Wade Tazewell 0-0: Foul Ball, location: 2F
0-1: Foul Ball, location: 2F
0-2: Ball
1-2: Strikes out looking
Batting: RHB Armando Altagracia 0-0: Called Strike
0-1: SINGLE (Line Drive, 89M, EV 101.2 MPH)
Batting: RHB Ali Ben Bongo 0-0: 2-RUN HOME RUN (Flyball, 9D, EV 108.1 MPH), Distance : 385 ft
Batting: RHB Francisco Vargas 0-0: Ball
1-0: Foul Ball, location: 2F
1-1: Foul Ball, location: 2F
1-2: Ball
2-2: Ball
3-2: Fly out, F8 (Flyball, 8LXD, EV 105.0 MPH)
Bottom of the 8th over - 2 runs, 2 hits, 0 errors, 0 left on base; Kingston Township 1 - Athletic Club KC 6
TOP OF THE 9TH
Kingston Township Knights batting - Pitching for Athletic Club KC : RHP Taalay Ibragimov
Batting: LHB Ed Mellor 0-0: Called Strike
0-1: Ball
1-1: Foul Ball, location: 2F
1-2: Ball
2-2: Fly out, F5 (Popup, 5SF, EV 88.1 MPH)
Batting: RHB Holden Ford 0-0: SINGLE (Groundball, 56D, EV 108.8 MPH)
Batting: RHB Jorge Ozezera 0-0: Swinging Strike
0-1: Swinging Strike
0-2: Ball
1-2: Strikes out looking
Batting: RHB Scott Robertson 0-0: Called Strike
0-1: Ball
1-1: Ground out 4-3 (Groundball, 4, EV 81.2 MPH)
Top of the 9th over - 0 runs, 1 hit, 0 errors, 1 left on base; Kingston Township 1 - Athletic Club KC 6
Wednesday, July 8th, 2020 - OOTP Baseball 20.8 Build 74